 Dungeon Sprint DCSS version 0.23.0 (webtiles) character file.

Game seed: 17628960888198602040

17241 nuthulu the Peltast (level 12, -15/105 HPs)
             Began as a Demonspawn Chaos Knight on Feb 16, 2019.
             Was a Plaything of Xom.
             Killed from afar by a blizzard demon (23 damage)
             ... with a bolt of cold
             ... in the Dungeon (Sprint V: "Ziggurat Sprint").
             The game lasted 00:06:05 (1291 turns).

nuthulu the Peltast (Demonspawn Chaos Knight)       Turns: 1291, Time: 00:06:05

Health: -15/105    AC: 25    Str: 27    XL:     12   Next: 17%
Magic:  12/12      EV: 12    Int: 17    God:    Xom [..*...]
Gold:   0          SH: 34    Dex: 17    Spells: 11/11 levels left

rFire    + . .     SeeInvis +   D - +14 obsidian axe {chop, +Fly SInv *Curse} (curse)
rCold    + . .     Gourm    .   F - +18 shield of the Gong {rElec rN+ MR+ EV-5}
rNeg     + . .     Faith    +   E - +15 Maxwell's patent armour {-Cast -Tele rElec MR+ rCorr}
rPois    .         Spirit   .   M - +1 helmet {Int+3}
rElec    +         Reflect  .   (no cloak)
rCorr    +         Harm     .   (no gloves)
MR       ++...     NoTele   +   (no boots) Stlth ..........NoCast +
                                I - amulet of Niexamon {Faith rF+ Slay+3}
HPRegen  0.27/turn              C - +6 ring of strength
MPRegen  0.13/turn              B - +6 ring of strength

@: mesmerised, very slightly contaminated, studying Crossbows, invisible
A: claws 1, thin skeletal structure 1, cold resistance 1, deformed body,
nightstalker 2, rot immunity
a: Renounce Religion, Evoke Flight


You were in the Dungeon.
You worshipped Xom.
You were a toy of Xom.
You were not hungry.

You visited 1 branch

Inventory:

Hand Weapons
 D - the cursed +14 obsidian axe (weapon) {chop, +Fly SInv *Curse}
   (You found it in the Dungeon)

   It inflicts extra damage upon your enemies.
   It lets you see invisible.
   It lets you fly.
   It curses itself when equipped.
   It has a curse placed upon it.
Armour
 E - the +15 Maxwell's patent armour (worn) {-Cast -Tele rElec MR+ rCorr}
   (You found it in the Dungeon)

   It insulates you from electricity.
   It affects your resistance to hostile enchantments.
   It prevents spellcasting.
   It prevents most forms of teleportation.
   It provides partial protection from all sources of acid and corrosion.
 F - the +18 shield of the Gong (worn) {rElec rN+ MR+ EV-5}
   (You found it in the Dungeon)

   It affects your evasion (-5).
   It insulates you from electricity.
   It protects you from negative energy.
   It affects your resistance to hostile enchantments.
 M - a +1 helmet of intelligence (worn)
Jewellery
 a - a +4 ring of intelligence
 b - a cursed ring of fire
 m - a +3 ring of evasion
 x - a +6 ring of dexterity
 y - a +6 ring of dexterity
 z - a +6 ring of intelligence
 A - a +6 ring of intelligence
 B - a +6 ring of strength (right claw)
 C - a +6 ring of strength (left claw)
 H - an uncursed ring of wizardry
 I - the amulet of Niexamon (around neck) {Faith rF+ Slay+3}
   (You found it in the Dungeon)

   [amulet of faith]

   It allows you to gain divine favour quickly.
   It affects your accuracy and damage with ranged weapons and melee attacks
   (+3).
   It protects you from fire.
 J - a +4 ring of protection
 K - the amulet of the Air {Inacc +Fly rElec EV+5 RMsl}
   (You found it in the Dungeon)

   [amulet of inaccuracy]

   It reduces the accuracy of all your attacks.
   It affects your evasion (+5).
   It insulates you from electricity.
   It lets you fly.
   It protects you from missiles.
 L - the ring of Otzoaq {rC+ Dex-4 Slay+3 Stlth+}
   (You found it in the Dungeon)

   [ring of stealth]

   It affects your dexterity (-4).
   It affects your accuracy and damage with ranged weapons and melee attacks
   (+3).
   It protects you from cold.
   It makes you more stealthy.
 N - the macabre finger necklace {rN+}
   (You found it in the Dungeon)

   [amulet of nothing]

   It protects you from negative energy.
Wands
 u - a wand of disintegration (7)
 v - a wand of iceblast (7)
 w - a wand of acid (7)
Scrolls
 i - 4 scrolls of blinking
 p - 4 scrolls of amnesia
 q - 7 scrolls of fog
 r - 5 scrolls of identify
 s - 5 scrolls of remove curse
 t - 2 scrolls of fear
Potions
 d - 10 potions of curing
 e - 6 potions of heal wounds
 f - 9 potions of haste
 g - 7 potions of magic
 h - 3 potions of berserk rage
 j - 2 potions of brilliance
 k - 2 potions of invisibility
 l - 4 potions of resistance
 n - 6 potions of agility
 o - 5 potions of might
Books
 G - a manual of Crossbows
Comestibles
 c - 6 rations


   Skills:
 + Level 13.3 Fighting
 + Level 13.7 Axes
 - Level 7.8 Armour
 * Level 16.2 Dodging
 * Level 17.2 Shields


You had 11 spell levels left.
You didn't know any spells.
Your spell library was empty.

Dungeon Overview and Level Annotations

Branches:
Dungeon (1/1)

Altars:
Ashenzari
Cheibriados
Dithmenos
Elyvilon
Fedhas
Gozag
Hepliaklqana
Kikubaaqudgha
Makhleb
Nemelex Xobeh
Okawaru
Qazlal
Ru
Sif Muna
Trog
Uskayaw
Vehumet
Wu Jian
Xom
Yredelemnul
Zin
The Shining One
Beogh
Jiyva
Lugonu

Annotations:
D 1 transporter


Innate Abilities, Weirdness & Mutations

You have sharp fingernails.
You have a somewhat thin skeletal structure. (Dex +2, Stealth)
You are significantly more attuned to the shadows.
You are immune to rotting.
Your flesh is cold resistant. (rC+)
Armour fits poorly on your strangely shaped body.


Message History

You feel much better. The freezing wraith hits your hellwing.
The freezing wraith freezes your hellwing!
Your hellwing dies!
The ice dragon closely misses you. You block the ice dragon's attack.
PTOANNNG!
The ice dragon tramples you.
* * * LOW HITPOINT WARNING * * *
You stumble backwards!
The frost giant casts a spell at you. The bolt of cold hits you! You resist.
* * * LOW HITPOINT WARNING * * *
Unknown command.
You catch the helpless ice dragon completely off-guard!
You cut the ice dragon into ribbons!!!
The ice dragon is almost dead.
Visions of slaying the ice dragon flood into your mind.
The blizzard demon gestures at you.
The bolt of cold misses the rime drake.
The bolt of cold hits you!! You resist.
You die...
Xom snickers!

▓........
....8©8....▓........ *
▓..})|==?|..▓.▓....▓.
▓...)[))))..▓...©....
∆∆∆∆∆∆∆∆∆,
▓...........▓▓▓▓▓▓▓▓▓
∆∆∆∆∆∆∆∆∆
,▓...2W......▓...8©8..
,,, ,,
▓...4CD2....▓..})}... ,
,,,,,
,▓....k.°....▓...))[.. ,,
,,,,
▓..▓@....▓..▓........ , ,
, ▓.*▓▓...▓▓*.▓...))...
,, ,,
,*..▓.....▓..▓...†)... ,
,,,,,
*.....©.....▓........ , ,
,,,,▓▓▓▓▓▓▓▓▓▓▓▓▓.▓.....▓
,, , ,
▓....8©8....▓....©... , ,
,,,▓...[:})):..▓▓▓▓▓▓▓▓▓
, ▓...):}.}...▓...8©8..
*** *
**▓...........▓..}):.|.


You could see a frost giant, an ice dragon, 2 blizzard demons, an ice devil, a
freezing wraith and a rime drake.

Vanquished Creatures
  A lich (D)
  A stone giant (D)
  3 vault guards (D)
  An ice dragon (D)
  An ice dragon (shapeshifter) (D)
  A skeletal warrior (D)
  2 black mambas (D)
  A rime drake (D)
  A freezing wraith (D)
  A merfolk (shapeshifter) (D)
  A hornet (D)
  2 wind drakes (D)
  A slime creature (D)
  A dream sheep (shapeshifter) (D)
  2 hippogriffs (shapeshifter) (D)
  2 spriggans (D)
  3 yaks (D)
  An air elemental (D)
  2 shadows (D)
  3 ice beasts (D)
  2 necrophages (D)
  4 phantoms (D)
  A wolf (D)
  A bullfrog (D)
  A quasit (D)
  A jelly (D)
  An iron imp (D)
  An iguana (D)
  2 mummies (D)
  2 adders (D)
  A river rat (D)
  3 white imps (D)
  An ooze (D)
  An adder skeleton (D)
  An adder simulacrum (D)
  A bat skeleton (D)
  A bat zombie (D)
  2 jackals (D)
  3 ball pythons (D)
  2 jackal zombies (D)
  A leopard gecko skeleton (D)
64 creatures vanquished.

Vanquished Creatures (collateral kills)
  A stone giant (D)
  A very ugly thing (D)
  4 vault guards (D)
  A skeletal warrior (D)
  An ugly thing (D)
  A yaktaur (D)
  A wind drake (D)
  A guardian mummy (D)
  A jumping spider (shapeshifter) (D)
  An air elemental (D)
  A spriggan (D)
  2 neqoxecs (D)
  An insubstantial wisp (D)
  2 nagas (D)
  3 black bears (D)
  A wolf (D)
  A bullfrog (D)
  A mummy (D)
  A bat skeleton (D)
  A jackal (D)
  A jackal zombie (D)
28 creatures vanquished.

Vanquished Creatures (others)
  2 insubstantial wisps (D)
2 creatures vanquished.

Grand Total: 94 creatures vanquished

Notes
Turn   | Place    | Note
-------+----------+-------------------------------------------
     0 | D        | Found the +6 Majin-Bo {vamp, Archmagi MP+6 Int+6}
     0 | D        | Found the +7 great mace "Firestarter" {inner flame, rF++}
     0 | D        | nuthulu the Demonspawn Chaos Knight began the quest for the
                  | Orb.
     0 | D        | Reached XP level 1. HP: 18/18 MP: 1/1
     0 | D        | Found a deep blue altar of Sif Muna.
     0 | D        | Found a sacrificial altar of Ru.
     0 | D        | Found a bloodstained altar of Trog.
     0 | D        | Found a stormy altar of Qazlal.
     0 | D        | Found an iron altar of Okawaru.
     0 | D        | Found a sparkling altar of Nemelex Xobeh.
     0 | D        | Found a blossoming altar of Fedhas.
     2 | D        | Found a transporter.
     2 | D        | Found an ancient bone altar of Kikubaaqudgha.
     2 | D        | Found a viscous altar of Jiyva.
     2 | D        | Found a corrupted altar of Lugonu.
     2 | D        | Found a hazy altar of Hepliaklqana.
     2 | D        | Found a burning altar of Makhleb.
     2 | D        | Found an opulent altar of Gozag.
    18 | D        | Found the +9 heavy crossbow "Sniper" {velocity, Acc+∞ SInv}
    18 | D        | Found the +10 dark maul {crush}
    18 | D        | Found the +15 Maxwell's patent armour {-Cast -Tele rElec
                  | MR+ rCorr}
    18 | D        | Found the +18 shield of the Gong {rElec rN+ MR+ EV-5}
    18 | D        | Found the cursed +14 obsidian axe {chop, +Fly SInv *Curse}
    28 | D        | XOM: silly message
    44 | D        | Gained mutation: You are slightly more attuned to the
                  | shadows. [demonic ancestry]
    44 | D        | Reached XP level 2. HP: 24/24 MP: 2/2
    47 | D        | Entered arena 2.
    47 | D        | Found a transporter.
    51 | D        | Reached skill level 1 in Dodging
    51 | D        | Reached XP level 3. HP: 26/29 MP: 3/3
    73 | D        | Entered arena 3.
    73 | D        | Noticed a slime creature
    73 | D        | XOM: harmless Ice miscast
    73 | D        | Found a transporter.
    74 | D        | XOM: potion effect (agility)
    76 | D        | XOM: butterfly on damage
    77 | D        | Gained mutation: You have a somewhat thin skeletal
                  | structure. (Dex +2, Stealth) [demonic ancestry]
    77 | D        | Reached XP level 4. HP: 18/38 MP: 4/4
    79 | D        | Killed a slime creature
    79 | D        | Reached skill level 5 in Armour
    79 | D        | Reached XP level 5. HP: 22/46 MP: 5/5
   141 | D        | XOM: silly message
   234 | D        | Entered arena 4.
   234 | D        | Noticed a phantom
   234 | D        | Noticed a phantom
   234 | D        | Found a transporter.
   237 | D        | XOM: potion effect (might)
   238 | D        | Killed a phantom
   238 | D        | Reached skill level 4 in Shields
   238 | D        | Gained mutation: You have sharp fingernails. [demonic
                  | ancestry]
   238 | D        | Reached XP level 6. HP: 48/53 MP: 6/6
   241 | D        | Reached skill level 5 in Shields
   268 | D        | Entered arena 5.
   268 | D        | Noticed a guardian mummy
   268 | D        | Found a transporter.
   273 | D        | Killed a guardian mummy
   273 | D        | Reached skill level 7 in Shields
   273 | D        | Reached XP level 7. HP: 60/60 MP: 7/7
   318 | D        | Entered arena 6.
   318 | D        | Noticed a yak
   318 | D        | Noticed a yak
   318 | D        | Noticed a yak
   318 | D        | Found a transporter.
   321 | D        | Reached skill level 8 in Shields
   321 | D        | Killed a yak
   322 | D        | Killed a yak
   322 | D        | Reached skill level 10 in Axes
   322 | D        | Reached skill level 9 in Shields
   323 | D        | Killed a yak
   323 | D        | Reached skill level 10 in Shields
   323 | D        | Reached XP level 8. HP: 68/68 MP: 8/8
   330 | D        | Entered arena 7.
   332 | D        | Found a transporter.
   337 | D        | Reached skill level 11 in Shields
   388 | D        | Entered arena 8.
   393 | D        | Found a transporter.
   405 | D        | Entered arena 9.
   406 | D        | Noticed a spriggan rider
   407 | D        | Found a transporter.
   408 | D        | Reached skill level 5 in Dodging
   410 | D        | Reached skill level 12 in Shields
   413 | D        | Killed a spriggan rider
   413 | D        | Killed a hornet
   413 | D        | Reached XP level 9. HP: 65/77 MP: 9/9
   413 | D        | Reached skill level 13 in Shields
   421 | D        | Entered arena 10.
   421 | D        | Noticed a wind drake
   421 | D        | Noticed a wind drake
   421 | D        | Noticed a wind drake
   427 | D        | XOM: divination: detect items
   430 | D        | Killed a wind drake
   430 | D        | Reached skill level 10 in Fighting
   431 | D        | Killed a wind drake
   431 | D        | Reached skill level 10 in Dodging
   431 | D        | Killed a wind drake
   433 | D        | Found a transporter.
   628 | D        | Entered arena 11.
   628 | D        | Noticed a black mamba
   629 | D        | Noticed a black mamba
   630 | D        | Found a transporter.
   632 | D        | XOM: divination: magic mapping
   633 | D        | Killed a black mamba
   633 | D        | Killed a black mamba
   671 | D        | Got the amulet of Niexamon {Faith rF+ Slay+3}
   743 | D        | XOM: give mutations
   743 | D        | Gained mutation: Armour fits poorly on your strangely
                  | shaped body. [Xom's mischief]
   743 | D        | Gained mutation: Your flesh is cold resistant. (rC+) [Xom's
                  | mischief]
   759 | D        | Entered arena 12.
   760 | D        | Noticed a moth of wrath
   760 | D        | Noticed a wolf spider
   760 | D        | Noticed a green ugly thing
   760 | D        | Noticed an elephant
   761 | D        | Noticed a cyan very ugly thing
   761 | D        | Noticed an elephant
   761 | D        | Noticed a two-headed ogre
   761 | D        | an elephant changed into a two-headed ogre
   762 | D        | Found a transporter.
   762 | D        | Noticed a glowing shapeshifter
   762 | D        | a floating eye changed into a glowing shapeshifter
   763 | D        | XOM: enchant monster (good)
   763 | D        | Noticed a torpor snail
   763 | D        | a glowing shapeshifter changed into a torpor snail
   763 | D        | a moth of wrath changed into a hippogriff
   763 | D        | Noticed an ice dragon
   763 | D        | a wolf spider changed into an ice dragon
   764 | D        | Killed an ice dragon
   764 | D        | Reached skill level 14 in Shields
   764 | D        | Reached XP level 10. HP: 86/86 MP: 10/10
   764 | D        | Noticed a swamp dragon
   764 | D        | an elephant changed into a swamp dragon
   765 | D        | Noticed a shining eye
   765 | D        | a torpor snail changed into a shining eye
   766 | D        | XOM: confuse monster(s)
   766 | D        | Killed a cyan very ugly thing
   767 | D        | a two-headed ogre changed into a merfolk
   768 | D        | a swamp dragon changed into a jumping spider
   769 | D        | a shining eye changed into a merfolk
   771 | D        | Killed a green ugly thing
   792 | D        | Entered arena 13.
   793 | D        | Noticed a vault guard
   793 | D        | Noticed a lich
   793 | D        | Noticed a stone giant
   793 | D        | Noticed a vault guard
   793 | D        | Noticed a vault guard
   793 | D        | Noticed a vault guard
   793 | D        | Noticed a stone giant
   794 | D        | Found the amulet of the Air {Inacc +Fly rElec EV+5 RMsl}
   794 | D        | Noticed a vault guard
   794 | D        | Identified the +4 ring mail of a sewer {rC+}
   794 | D        | Noticed a vault guard
   794 | D        | Noticed a vault guard
   795 | D        | Found a transporter.
   796 | D        | XOM: smoke on damage
   803 | D        | Killed a stone giant
   803 | D        | Reached skill level 15 in Shields
   803 | D        | Killed a vault guard
   803 | D        | HP: 1/89 [stone giant (28)]
   807 | D        | Killed a vault guard
   807 | D        | Gained mutation: You are significantly more attuned to the
                  | shadows. [demonic ancestry]
   807 | D        | Reached XP level 11. HP: 27/95 MP: 11/11
   808 | D        | Killed a lich
   808 | D        | Reached skill level 16 in Shields
   809 | D        | Killed a vault guard
   809 | D        | Reached skill level 15 in Dodging
   809 | D        | Killed a stone giant
   811 | D        | Killed a vault guard
   814 | D        | Killed a vault guard
   819 | D        | Killed a vault guard
   822 | D        | Killed a vault guard
   829 | D        | Got the ring of Otzoaq {rC+ Dex-4 Slay+3 Stlth+}
   994 | D        | XOM: polymorph sun demon -> soul eater
  1076 | D        | XOM: divination: detect items
  1133 | D        | XOM: mild Hex miscast
  1146 | D        | Entered arena 14.
  1149 | D        | Noticed a skeletal warrior
  1150 | D        | Noticed a skeletal warrior
  1150 | D        | Noticed an ice dragon
  1150 | D        | XOM: silly message
  1151 | D        | Found the macabre finger necklace {rN+}
  1151 | D        | Found a transporter.
  1155 | D        | XOM: divination: magic mapping
  1157 | D        | Killed a skeletal warrior
  1157 | D        | Reached skill level 17 in Shields
  1157 | D        | Gained mutation: You are immune to rotting. [demonic
                  | ancestry]
  1157 | D        | Reached XP level 12. HP: 72/105 MP: 12/12
  1161 | D        | Killed an ice dragon
  1279 | D        | Entered arena 15.
  1282 | D        | Noticed a blizzard demon
  1282 | D        | Noticed an ice dragon
  1282 | D        | Noticed a blizzard demon
  1282 | D        | Noticed a frost giant
  1284 | D        | Found a transporter.
  1286 | D        | XOM: potion effect (invisibility)
  1289 | D        | HP: 2/105 [frost giant/bolt of cold (17)]
  1291 | D        | Killed from afar by a blizzard demon

Skill      XL: |  1  2  3  4  5  6  7  8  9 10 11 12 |
---------------+-------------------------------------+-----
Axes           | 7 8 9 10 11 12 13 | 13.7
Armour         | 2 3 5 6 7 |  7.8
Dodging        | 1 3 4 7 11 14 15 16 | 16.2
Fighting       | 4 6 7 8 9 10 11 13 | 13.3
Shields        | 4 7 10 12 14 15 17 | 17.2

Action                   |  1- 3 |  4- 6 |  7- 9 | 10-12 || total
-------------------------+-------+-------+-------+-------++-------
Melee: Broad axe         |     6 |    10 |    35 |    42 ||    93
  Use: Potion            |     1 |       |     1 |     4 ||     6
 Stab: Distracted        |       |       |     3 |     1 ||     4
       Confused          |       |       |       |     3 ||     3
       Invisible         |       |       |       |     2 ||     2
  Eat: Ration            |       |       |       |     1 ||     1
Armor: Plate armour      |    11 |     2 |    21 |    17 ||    51
Dodge: Dodged            |       |       |     3 |    13 ||    16
Block: Shield            |    16 |     9 |    78 |    85 ||   188
